 Dungeon Crawl Stone Soup version 0.30.0-11-gf55b779eaf (webtiles) character file.

Game seed: 17366041982394727232

6594 Sobieck the Grappler (level 11, -1/77 HPs)
             Began as an Octopode Berserker on May 16, 2023.
             Was a High Priest of Trog.
             Shot with an arrow by a centaur (11 damage)
             ... on level 9 of the Dungeon.
             The game lasted 00:15:25 (7352 turns).

Sobieck the Grappler (Octopode Berserker)           Turns: 7352, Time: 00:15:26

Health: -1/77      AC:  5    Str: 20    XL:     11   Next: 2%
Magic:  11/11      EV: 16    Int: 15    God:    Trog [*****.]
Gold:   304        SH:  0    Dex: 13    Spells: 10/10 levels left

rFire   . .          .
                       - Unarmed
rCold   . . .        (no shield)
rNeg    . . .        (helmet restricted)
rPois   .            f - amulet of regeneration {@e2}
rElec   .            s - +6 ring of intelligence
rCorr   .            B - +4 ring of protection
SInv    .            F - ring of flight
Will    .....        (no ring)
Stlth   ++++         (no ring)
HPRegen 1.12/turn    (no ring)
MPRegen 0.12/turn    (no ring)
                     (no ring)

%: no passive effects
@: on berserk cooldown, flying, slowed, studying Air Magic, very slow
A: almost no armour, amphibious, 8 rings, camouflage 1, gelatinous body 1,
(nimble swimmer 1), tentacles
a: Renounce Religion, Berserk, Trog's Hand, Brothers in Arms


You were on level 9 of the Dungeon.
You worshipped Trog.
Trog was extremely pleased with you.
You visited 1 branch of the dungeon, and saw 9 of its levels.

You collected 485 gold pieces.
You spent 181 gold pieces at shops.


Innate Abilities, Weirdness & Mutations

You cannot wear most types of armour.
You are amphibious.
You can wear up to eight rings at the same time.
Your skin changes colour to match your surroundings (Stealth+).
Your rubbery body absorbs attacks. (AC +1, EV +1)
((You are camouflaged when in or above water. (Stealth+)))
You have tentacles for arms and can constrict up to eight enemies at once.


   Skills:
 + Level 8.0 Fighting
 + Level 8.0 Dodging
 - Level 5.0 Stealth
 + Level 5.8 Shields
 * Level 11.0 Unarmed Combat


You had 10 spell levels left.
You didn't know any spells.
Your spell library contained the following spells:

 Spells                   Type           Power      Damage    Failure   Level
 Cigotuvi's Dreadful Rot  Necr/Pois/Air  0%         N/A       38%         2
 Poisonous Vapours        Pois/Air       0%         N/A       38%         2
 Sublimation of Blood     Necr           0%         N/A       38%         2
 Wereblood                Tmut           0%         N/A       38%         2
 Ignite Poison            Fire/Tmut/Pois 0%         N/A       63%         3
 Mephitic Cloud           Conj/Pois/Air  0%         N/A       63%         3
 Petrify                  Tmut/Erth      0%         N/A       95%         4
 Freezing Cloud           Conj/Ice/Air   0%         6-21      100%        5
 Metabolic Englaciation   Hex/Ice        0%         N/A       100%        5
 Statue Form              Tmut/Erth      0%         N/A       100%        6
 Summon Hydra             Summ           0%         N/A       100%        7

Inventory:

Missiles
 c - a throwing net {=f!fthrowing}
 d - 28 stones (quivered) {throwing}
 e - 6 curare-tipped darts {=fthrowing}
 l - 16 poisoned darts {throwing}
 q - 7 boomerangs {throwing}
Armour
 k - a +0 kite shield
   (You took it off a gnoll sergeant on level 5 of the Dungeon)
Magical Staves
 u - a staff of conjuration {forbidden!a@e2staff}
   (You found it on level 5 of the Dungeon)
Jewellery
 f - an amulet of regeneration (around mantle) {@e2}
   (You found it on level 1 of the Dungeon)
 s - a +6 ring of intelligence (left tentacle)
   (You found it on level 5 of the Dungeon)
 w - a ring of wizardry
   (You found it on level 7 of the Dungeon)
 B - a +4 ring of protection (right tentacle)
   (You found it on level 8 of the Dungeon)
 F - a ring of flight (on tentacle)
   (You took it off a wight on level 8 of the Dungeon)
 G - an amulet of the acrobat
   (You found it on level 8 of the Dungeon)
Wands
 m - a wand of polymorph (9)
   (You took it off Grinder on level 3 of the Dungeon)
 A - a wand of charming (9)
   (You found it on level 7 of the Dungeon)
 C - a wand of flame (22)
   (You found it on level 8 of the Dungeon)
 D - a wand of roots (2)
   (You took it off Grum on level 8 of the Dungeon)
Scrolls
 b - 5 scrolls of teleportation {@r4}
 g - a scroll of enchant armour
 i - a scroll of vulnerability {!r!r}
 v - a scroll of magic mapping {!r}
 y - a scroll of blinking {!r}
 z - a scroll of noise {!r}
 E - a scroll of torment {unknown}
Potions
 a - 5 potions of cancellation
 h - 3 potions of lignification {!q}
 j - 6 potions of attraction {!q}
 n - a potion of resistance {unknown}
 o - 2 potions of flight
 p - 4 potions of haste {@q3}
 r - a potion of berserk rage {unknown}
 t - 2 potions of might
 x - a potion of magic {unknown}

Dungeon Overview and Level Annotations

Branches:
Dungeon (9/15) Zot: 26959  Temple (0/1) D:6
   Lair: D:8-11         Orc: D:9-12

Altars:
Makhleb

Shops:
D:6

? #.....#.#
.#######.....#.# ####
.............#.# #..#
.............).# #..#######
.........###..## #.......8#
........††....# #.[......#
.........####.# #.<.....©#
.........####.####........#
.............@#'##.......8#
.............<......#######
.>..................#####
........................#
..............c.........#
........#####.#.###+#####
....... ....... .......
..#.####. ...... ..#.#


You could see a centaur.


Message History

You constrict the howler monkey. The water moccasin bites you!
A bullfrog comes into view.
You bludgeon the howler monkey!
You kill the howler monkey!
Trog accepts your kill. The howler monkey hits you.
The howler monkey hits you but does no damage.
Something unseen opens the door.
The water moccasin closely misses you.
Your Dodging skill increases to level 8!
A centaur comes into view.
The howler monkey hits you. The howler monkey barely misses you.
The centaur wields a +0 shortbow.
The centaur shoots an arrow.
The arrow barely misses you. The howler monkey closely misses you.
The howler monkey misses you.
You see here a howler monkey corpse.
The water moccasin attacks as you move away!
The water moccasin bites you!
The howler monkey attacks as you move away!
The howler monkey hits you. The howler monkey barely misses you.
The water moccasin misses you.
The water moccasin attacks as you move away!
The water moccasin bites you.
You are poisoned.
The water moccasin poisons you!
The howler monkey attacks as you move away!
The howler monkey hits you but does no damage.
You feel sick.
You bludgeon the water moccasin! Your grab misses the water moccasin.
Your tentacle-slap misses the water moccasin.
Your squeeze misses the water moccasin.
You feel sick. The water moccasin barely misses you.
The howler monkey hoots and howls with incredible vigour!
The centaur shoots an arrow.
The arrow hits you!
You hear a howl!
You hear an angry growl. x2; You hear a shout! x2
You hear an angry hiss.
You hear a shout!
Unknown command.
You bludgeon the water moccasin! You grab the water moccasin.
You squeeze the water moccasin!
You kill the water moccasin!
Trog accepts your kill.
You feel sick.
The centaur shoots an arrow.
The arrow hits you.
* * * LOW HITPOINT WARNING * * *
The bullfrog barely misses you.
Your Fighting skill increases to level 8!
Unknown command.
You bludgeon the bullfrog! You grab the bullfrog. You constrict the bullfrog.
You feel sick.
The centaur shoots an arrow.
The arrow hits you!
* * * LOW HITPOINT WARNING * * *
The bullfrog hits you!
* * * LOW HITPOINT WARNING * * *
Unknown command.
You bludgeon the bullfrog!
You kill the bullfrog!
Trog accepts your kill.
You feel sick.
The centaur shoots an arrow.
The arrow hits you.
* * * LOW HITPOINT WARNING * * *
Unknown command.
A red film seems to cover your vision as you go berserk!
You feel yourself moving faster!
You feel mighty!
You feel sick.
The centaur shoots an arrow.
The arrow hits you.
* * * LOW HITPOINT WARNING * * *
The howler monkey hoots and howls with incredible vigour!
You hear an angry growl.
You bludgeon the howler monkey! You grab the howler monkey.
You tentacle-slap the howler monkey.
You kill the howler monkey!
Trog accepts your kill.
The centaur shoots an arrow.
The arrow hits you!
* * * LOW HITPOINT WARNING * * *
You have reached level 11!
You tentacle-slap the howler monkey. You grab the howler monkey.
You squeeze the howler monkey.
You kill the howler monkey!
Trog accepts your kill.
You feel sick.
Your Unarmed Combat skill increases to level 11!
Unknown command.
The centaur shoots an arrow.
The arrow barely misses you.
You feel a strong urge to attack something.
You feel sick.
You are no longer poisoned.
The centaur unwields a +0 shortbow.
The centaur closely misses you.
The centaur kicks you but does no damage.
Unknown command.
You bludgeon the centaur!
Your tentacle-slap misses the centaur.
You squeeze the centaur.
You kill the centaur!
Trog accepts your kill.
You see here a +0 shortbow {bow}.
You feel a strong urge to attack something.
You are no longer berserk.
You are exhausted.
You feel yourself slow down.
A centaur comes into view.
Danger!
The centaur wields a +0 shortbow.
The centaur shoots an arrow.
The arrow hits you.
* * * LOW HITPOINT WARNING * * *
The centaur shoots an arrow.
The arrow hits you!
You die...

Skill      XL: |  1  2  3  4  5  6  7  8  9 10 11 |
---------------+----------------------------------+-----
Stealth        | 1 2 3 4 5 |  5.0
Unarmed Combat | 4 5 6 7 9 10 11 | 11.0
Fighting       | 4 5 6 8 |  8.0
Dodging        | 4 5 6 8 |  8.0
Shields        | 2 4 5 |  5.8

Action                     |  1- 3 |  4- 6 |  7- 9 | 10-12 || total
---------------------------+-------+-------+-------+-------++-------
  Melee: Unarmed           |    76 |    82 |   237 |   201 ||   596
         Constrict         |    24 |    17 |    48 |    33 ||   122
         Tentacles         |    12 |    14 |    51 |    64 ||   141
         Punch             |     2 |     2 |    14 |    20 ||    38
  Throw: Stone             |       |       |     1 |    27 ||    28
 Invoke: Berserk           |     1 |     3 |     5 |     3 ||    12
         Trog's Hand       |       |       |     1 |       ||     1
    Use: Scroll            |       |       |    16 |     1 ||    17
   Stab: Sleeping          |     7 |     7 |    16 |     1 ||    31
         Distracted        |       |       |     3 |       ||     3
 Armour: Skin              |     5 |    14 |     9 |    10 ||    38
  Dodge: Dodged            |    39 |    36 |   152 |   139 ||   366

Levels and vault maps discovered:
D:1:      denvon_arrival_waterhouse, layout_loops_ring, serial_co_window_serial,
          co_window_corner_a, co_window_of_opportunity_a, co_window_corner_a,
          co_window_paths_a, co_window_paths_a, co_window_corner_a,
          co_window_paths_a, co_window_broadway_a, co_window_broadway_b,
          co_window_2corner, co_window_4corner_a, glass_columns_a,
          glass_columns_c, glass_columns_a, glass_columns_b, glass_columns_a,
          minmay_lizard_pond
D:2:      layout_rooms, st_stairs_8
D:3:      layout_loops_ring, uniq_grinder, uniq_jessica, uniq_robin
D:4:      layout_layer_cave, minmay_statues_item, uniq_sigmund
D:5:      layout_cave_pods
D:6:      minmay_spotlight, layout_gridville, kennysheep_little_box,
          temple_pool_b, serial_shops, kennysheep_mini_moat,
          minmay_misc_feat_hallway, kb_lookout_dungeons_type
D:7:      lemuel_slime, layout_basic, minmay_manual_monstrance
D:8:      layout_rooms, uniq_grum
D:9:      layout_basic, david_lair_generic, nicolae_diode_intersection

Notes
Turn   | Place    | Note
-------+----------+-------------------------------------------
     0 | D:1      | Sobieck the Octopode Berserker began the quest for the Orb.
     0 | D:1      | Reached XP level 1. HP: 16/16 MP: 1/1
   102 | D:1      | You pick up a book of Vapours {forbidden} and begin
                  | reading...
   102 | D:1      | You add the spells Poisonous Vapours, Mephitic Cloud and
                  | Freezing Cloud to your library.
   387 | D:1      | Reached XP level 2. HP: 20/21 MP: 2/2
   518 | D:1      | Reached skill level 1 in Stealth
   639 | D:1      | Reached XP level 3. HP: 26/26 MP: 3/3
   735 | D:1      | Reached ** piety under Trog
  1201 | D:2      | Reached skill level 2 in Stealth
  1300 | D:2      | Reached XP level 4. HP: 31/31 MP: 4/4
  1536 | D:3      | Noticed Jessica
  1550 | D:3      | Killed Jessica
  1551 | D:3      | Reached skill level 4 in Unarmed Combat
  1645 | D:3      | Noticed Grinder
  1655 | D:3      | Reached XP level 5. HP: 36/36 MP: 5/5
  1662 | D:3      | HP: 6/36 [gnoll/+0 whip (9)]
  1666 | D:3      | Killed Grinder
  1667 | D:3      | Reached skill level 4 in Fighting
  1667 | D:3      | Reached skill level 4 in Dodging
  1667 | D:3      | Reached skill level 3 in Stealth
  1667 | D:3      | Reached skill level 5 in Unarmed Combat
  1667 | D:3      | Reached XP level 6. HP: 14/43 MP: 6/6
  1697 | D:3      | Identified the +0 robe "Goibull" {Dex+3}
  1735 | D:3      | Noticed Robin
  1749 | D:3      | Killed Robin
  1806 | D:3      | Reached skill level 4 in Stealth
  2251 | D:4      | Reached XP level 7. HP: 47/48 MP: 7/7
  2370 | D:4      | Noticed Sigmund
  2379 | D:4      | Reached *** piety under Trog
  2393 | D:4      | Killed Sigmund
  2418 | D:4      | Reached skill level 5 in Stealth
  2418 | D:4      | Reached skill level 6 in Unarmed Combat
  2619 | D:4      | You pick up a book of Blood {forbidden} and begin
                  | reading...
  2619 | D:4      | You add the spells Sublimation of Blood, Wereblood and
                  | Summon Hydra to your library.
  2700 | D:4      | HP: 12/49 [orc/+0 trident (8)]
  2866 | D:4      | Reached XP level 8. HP: 33/54 MP: 8/8
  2871 | D:4      | Reached skill level 5 in Fighting
  2877 | D:4      | Reached skill level 5 in Dodging
  3622 | D:5      | Entered Level 5 of the Dungeon
  3859 | D:5      | You pick up a book of Sloth {forbidden} and begin
                  | reading...
  3859 | D:5      | You add the spells Petrify, Metabolic Englaciation and
                  | Statue Form to your library.
  3900 | D:5      | Reached skill level 7 in Unarmed Combat
  4056 | D:5      | Reached skill level 1 in Shields
  4737 | D:6      | Reached skill level 2 in Shields
  4785 | D:6      | Reached XP level 9. HP: 57/62 MP: 9/9
  4835 | D:6      | Reached **** piety under Trog
  4836 | D:6      | Reached skill level 6 in Fighting
  4836 | D:6      | Reached skill level 8 in Unarmed Combat
  4858 | D:6      | Reached skill level 6 in Dodging
  5006 | D:6      | Reached skill level 3 in Shields
  5275 | D:6      | Found a staircase to the Ecumenical Temple.
  5308 | D:6      | Found a burning altar of Makhleb.
  5566 | D:6      | Found Bigeq's Magic Scroll Emporium.
  5569 | D:6      | Bought a scroll of blinking for 82 gold pieces
  5569 | D:6      | Bought a scroll of noise for 11 gold pieces
  5569 | D:6      | Bought a scroll of identify for 22 gold pieces
  5569 | D:6      | Bought a scroll of identify for 22 gold pieces
  5569 | D:6      | Bought a scroll of identify for 22 gold pieces
  5569 | D:6      | Bought a scroll of identify for 22 gold pieces
  5797 | D:7      | You add the spells Cigotuvi's Dreadful Rot and Ignite
                  | Poison to your library.
  5903 | D:7      | Reached skill level 9 in Unarmed Combat
  5982 | D:7      | Noticed a troll
  5997 | D:7      | Killed a troll
  5998 | D:7      | Reached skill level 4 in Shields
  6005 | D:7      | Reached XP level 10. HP: 57/69 MP: 10/10
  6072 | D:7      | HP: 25/103 [ice beast (5)]
  6074 | D:7      | Reached skill level 7 in Fighting
  6074 | D:7      | Reached skill level 7 in Dodging
  6358 | D:7      | HP: 8/71 [slime creature (20)]
  6582 | D:7      | Reached skill level 10 in Unarmed Combat
  6636 | D:8      | Noticed Grum
  6688 | D:7      | Reached skill level 5 in Shields
  6924 | D:8      | Killed Grum
  6997 | D:8      | Reached ***** piety under Trog
  7334 | D:9      | Reached skill level 8 in Dodging
  7339 | D:9      | Reached skill level 8 in Fighting
  7339 | D:9      | HP: 18/72 [bullfrog (7)]
  7343 | D:9      | Reached XP level 11. HP: 13/77 MP: 11/11
  7344 | D:9      | Reached skill level 11 in Unarmed Combat
  7345 | D:9      | HP: 13/115 [poisoned by a water moccasin]
  7351 | D:9      | HP: 9/77 [centaur/arrow (6)]
  7352 | D:9      | Shot with an arrow by a centaur

Vanquished Creatures
  A troll (D:7)
  Grinder (D:3)
  Sigmund (D:4)
  A shadow (D:7)
  A slime creature (D:7)
  4 yaks (D:8)
  Grum (D:8)
  3 steam dragons (D:7)
  3 water moccasins
  An acid dragon (D:8)
  5 orc warriors
  4 ice beasts
  4 black bears
  A sky beast (D:6)
  3 wolves (D:7)
  2 centaurs
  A phantom (D:6)
  A kobold brigand (D:8)
  4 bullfrogs
  A gnoll sergeant (D:5)
  3 scorpions
  5 wights (D:8)
  4 howler monkeys
  15 jellies
  10 orc priests
  5 iguanas
  Jessica (D:3)
  8 orc wizards
  Robin (D:3)
  12 gnolls
  4 adders
  A shadow imp (D:5)
  4 white imps
  3 worms
  A dart slug (D:1)
  39 orcs
  5 ball pythons
  16 endoplasms
  17 goblins
  7 hobgoblins
  5 jackals
  3 quokkas
  6 bats
  13 frilled lizards
  14 kobolds
  6 rats
251 creatures vanquished.

Table legend:
 A = Non-vault XP
 B = Vault XP
 C = Vault XP percentage of total XP
 D = Non-vault monster count
 E = Vault monster count
 F = Vault count percentage of total count
                 A         B        C        D         E       F
            +---------+---------+-------+---------+---------+-------
      Total |    6398 |    3022 |  32.1 |     192 |      59 |  23.5
            +---------+---------+-------+---------+---------+-------
        D:1 |      56 |       8 |  12.5 |      26 |       8 |  23.5
        D:2 |      44 |       2 |   4.3 |      12 |       1 |   7.7
        D:3 |     155 |     343 |  68.9 |      22 |      10 |  31.2
        D:4 |     415 |     231 |  35.8 |      30 |       1 |   3.2
        D:5 |     894 |       0 |   0.0 |      22 |       0 |   0.0
        D:6 |    1055 |     449 |  29.9 |      25 |       7 |  21.9
        D:7 |    1437 |    1801 |  55.6 |      22 |      31 |  58.5
        D:8 |    1824 |     188 |   9.3 |      27 |       1 |   3.6
        D:9 |     518 |       0 |   0.0 |       6 |       0 |   0.0
            +---------+---------+-------+---------+---------+-------

Skill      XL: |  1  2  3  4  5  6  7  8  9 10 11 |
---------------+----------------------------------+-----
Stealth        | 1 2 3 4 5 |  5.0
Unarmed Combat | 4 5 6 7 9 10 11 | 11.0
Fighting       | 4 5 6 8 |  8.0
Dodging        | 4 5 6 8 |  8.0
Shields        | 2 4 5 |  5.8

Action                     |  1- 3 |  4- 6 |  7- 9 | 10-12 || total
---------------------------+-------+-------+-------+-------++-------
  Melee: Unarmed           |    76 |    82 |   237 |   201 ||   596
         Constrict         |    24 |    17 |    48 |    33 ||   122
         Tentacles         |    12 |    14 |    51 |    64 ||   141
         Punch             |     2 |     2 |    14 |    20 ||    38
  Throw: Stone             |       |       |     1 |    27 ||    28
 Invoke: Berserk           |     1 |     3 |     5 |     3 ||    12
         Trog's Hand       |       |       |     1 |       ||     1
    Use: Scroll            |       |       |    16 |     1 ||    17
   Stab: Sleeping          |     7 |     7 |    16 |     1 ||    31
         Distracted        |       |       |     3 |       ||     3
 Armour: Skin              |     5 |    14 |     9 |    10 ||    38
  Dodge: Dodged            |    39 |    36 |   152 |   139 ||   366

Illustrated notes

Table legend:
 A = Kills in this place as a percentage of kills in the entire game.
 B = Kills by you in this place as a percentage of kills by you in the entire game.
 C = Kills by friends in this place as a percentage of kills by friends in the entire game.
 D = Other kills in this place as a percentage of other kills in the entire game.
 E = Experience gained in this place as a percentage of experience gained in the entire game.
 F = Experience gained in this place divided by the number of levels of this place that you have seen.
                   A       B       C       D       E      F
               +-------+-------+-------+-------+-------+----------------------
         Total | 100.0 | 100.0 |   N/A |   N/A | 100.0 | 1046.7
       Dungeon | 100.0 | 100.0 |   N/A |   N/A | 100.0 | 1046.7
               +-------+-------+-------+-------+-------+----------------------

Table legend: (Time is in decaauts)
 A = Elapsed time spent in this place.
 B = Non-inter-level travel time spent in this place.
 C = Inter-level travel time spent in this place.
 D = Time resting spent in this place.
 E = Time spent auto-exploring this place.
 F = Levels seen in this place.
 G = Mean time per level.
                   A        B        C        D        E       F      G
               +--------+--------+--------+--------+--------+-----+--------+
         Total |   7374 |   7125 |    249 |    691 |   4846 |   9 |  819.3 |
       Dungeon |   7374 |   7125 |    249 |    691 |   4846 |   9 |  819.3 |
               +--------+--------+--------+--------+--------+-----+--------+

Top non-repeatable levels by time:
     D:4: 1385 daAuts
     D:1: 1160 daAuts
     D:5: 1096 daAuts
     D:7: 1058 daAuts
     D:6: 989 daAuts
     D:3: 743 daAuts
     D:8: 545 daAuts
     D:2: 358 daAuts
     D:9: 39 daAuts
